 Dungeon Crawl Stone Soup version 0.29.1-4-g47bece8355 (webtiles) character file.

Game seed: 329993235554181520

4 zeram the Caller (level 1, 0/13 HPs)
             Began as a Gnoll Summoner on Dec 9, 2022.
             Hit by a stone thrown by a kobold (2 damage)
             ... on level 1 of the Dungeon.
             The game lasted 00:00:22 (261 turns).

zeram the Caller (Gnoll Summoner)                    Turns: 261, Time: 00:00:23

Health: 0/13       AC:  2    Str:  7    XL:     1   Next: 70%
Magic:  4/6        EV: 13    Int: 14    God:
Gold:   48         SH:  0    Dex: 12    Spells: 8/9 levels left

rFire   . . .      SeeInvis .   (no weapon)
rCold   . . .      Faith    .   (no shield)
rNeg    . . .      Spirit   .   a - +0 robe
rPois   .          Reflect  .   (no helmet)
rElec   .          Harm     .   (no cloak)
rCorr   .          Rampage  .   (no gloves)
Will    .....                   (no boots)
Stlth   ++........              (no amulet)
HPRegen 0.04/turn               (no ring)
MPRegen 0.10/turn               (no ring)

@: no status effects
A: fangs 1, strong nose, distributed training
a: no special abilities


You were on level 1 of the Dungeon.
You visited 1 branch of the dungeon, and saw 1 of its levels.

You collected 48 gold pieces.

Inventory:

Armour
 a - a +0 robe (worn)
Scrolls
 c - a scroll of summoning {unknown}
 d - a scroll of poison {unknown}
 f - a scroll of teleportation {unknown}
Potions
 b - a potion of magic
 e - a potion of degeneration {unknown}


   Skills:
 + Level 0.1 Fighting
 + Level 0.1 Short Blades
 + Level 0.1 Long Blades
 + Level 0.1 Axes
 + Level 0.1 Maces & Flails
 + Level 0.1 Polearms
 + Level 0.1 Staves
 + Level 0.1 Ranged Weapons
 + Level 0.1 Throwing
 + Level 0.1 Armour
 + Level 4.4 Dodging
 + Level 4.0 Stealth
 + Level 0.1 Shields
 + Level 0.1 Unarmed Combat
 + Level 4.9 Spellcasting
 + Level 0.1 Conjurations
 + Level 0.1 Hexes
 + Level 7.0 Summonings
 + Level 0.1 Necromancy
 + Level 0.1 Translocations
 + Level 0.1 Transmutations
 + Level 0.1 Fire Magic
 + Level 0.1 Ice Magic
 + Level 0.1 Air Magic
 + Level 0.1 Earth Magic
 + Level 0.1 Poison Magic
 + Level 0.2 Invocations
 + Level 0.1 Evocations


You had 8 spell levels left.
You knew the following spells:

 Your Spells              Type           Power      Damage    Failure   Level
a - Summon Small Mammal   Summ           92%        N/A       1%          1

Your spell library contained the following spells:

 Spells                   Type           Power      Damage    Failure   Level
 Call Imp                 Summ           23%        N/A       1%          2
 Call Canine Familiar     Summ           23%        N/A       3%          3
 Summon Guardian Golem    Hex/Summ       13%        N/A       12%         3
 Summon Lightning Spire   Summ/Air       13%        N/A       38%         4


Dungeon Overview and Level Annotations

Branches:
Dungeon (1/15)

Altars:


Innate Abilities, Weirdness & Mutations

You have very sharp teeth.
Your uncanny sense of smell can sniff out nearby items.
Your experience applies equally to all skills.


Message History

You now have 37 gold pieces (gained 1).
You now have 48 gold pieces (gained 11).
There is a fountain of clear blue water here.
e - a fuming inky potion
There is a fountain of clear blue water here.
f - a scroll labelled GIRPHY LEFIU
There is a fountain of clear blue water here.
A kobold comes into view. It is wielding a +0 short sword.
A kobold is nearby!
A kobold is nearby!
A kobold is nearby!
A kobold comes into view.
It is wielding a +3 dagger of protection.
Found 16 gold pieces.
Casting: Summon Small Mammal (safe; 1% risk of failure)
Confirm with . or Enter, or press ? or * to list all spells.
Unknown command.
Casting: Summon Small Mammal (safe; 1% risk of failure)
Confirm with . or Enter, or press ? or * to list all spells.
You swap places.
The kobold shouts! x2
The kobold hits you with a +0 short sword.
The kobold throws a stone.
The stone misses you.
You barely miss the kobold.
Your quokka bites the kobold.
The kobold hits you with a +0 short sword.
The kobold throws a stone.
The stone closely misses you.
You barely miss the kobold. You bite the kobold, but do no damage.
The kobold is heavily wounded.
Your quokka bites the kobold.
The kobold dies!
The kobold hits you with a +3 dagger of protection.
You closely miss the kobold.
Your quokka closely misses the kobold.
The kobold hits you with a +3 dagger of protection.
* * * LOW HITPOINT WARNING * * *
Your rat misses the kobold.
You are too injured to fight recklessly!
You are too injured to fight recklessly!
You are too injured to fight recklessly!
Your quokka closely misses the kobold.
The kobold throws a stone.
The stone hits you.
You die...

#. ##.# ##+## #...
##...## #..##
##.....## ####...###
##..)....###........#
#....@..........###.##
+..r......+.###.#.#...
#..Kr.....#.#.#⌠.##.##
##$.........##...⌠...#
##.....###...⌠...##.#
##...## ##.##.⌠#.#†#
##+## #.#.#.###..
#.###.....#
#.....#####


You could see a kobold (ally target), a friendly quokka (summoned) and a
friendly rat (summoned).

Vanquished Creatures
  A rat (D:1)
1 creature vanquished.

Vanquished Creatures (collateral kills)
  A bat (D:1)
  A hobgoblin (D:1)
  A kobold (D:1)
3 creatures vanquished.

Grand Total: 4 creatures vanquished

Notes
Turn   | Place    | Note
-------+----------+-------------------------------------------
     0 | D:1      | zeram the Gnoll Summoner began the quest for the Orb.
     0 | D:1      | Reached XP level 1. HP: 13/13 MP: 6/6
   261 | D:1      | Hit by a stone thrown by a kobold

Illustrated notes

Levels and vault maps discovered:
D:1:      scummos_arrival_checkerplants, layout_loops_corners,
          minmay_heptomino_o4

Action                   || total
-------------------------++-------
Melee: Unarmed           ||    13
       Bite              ||     2
 Cast: Summon Small Mamm ||     3
Armor: Robe              ||     2
Dodge: Dodged            ||     8
